 Dungeon Crawl Stone Soup version 0.21.1-1-g345015f (webtiles) character file.

0 shakethe the Firebug (level 1, 0/10 HPs)
             Began as a Tengu Fire Elementalist on Feb 9, 2018.
             Slain by a hobgoblin
             ... wielding a +0 club
              (3 damage)
             ... on level 1 of the Dungeon.
             The game lasted 00:00:26 (71 turns).

shakethe the Firebug (Tengu Fire Elementalist)        Turns: 71, Time: 00:00:26

Health: 0/10       AC:  2    Str:  8    XL:     1   Next: 10%
Magic:  0/4        EV: 12    Int: 15    God:
Gold:   0          SH:  0    Dex: 14    Spells: 3/4 levels left

rFire    . . .     SeeInvis .   (no weapon)
rCold    . . .     Gourm    .   (no shield)
rNeg     . . .     Faith    .   a - +0 robe
rPois    .         Spirit   .   (helmet restricted)
rElec    .         Reflect  .   (no cloak)
rCorr    .         Harm     .   (no gloves)
MR       .....                  (boots unavailable)
Stlth    ++........             (no amulet)
HPRegen  0.03/turn              (no ring)
MPRegen  0.09/turn              (no ring)

@: no status effects
A: beak, talons 3
a: no special abilities


You were on level 1 of the Dungeon.
You were not hungry.

You visited 1 branch of the dungeon, and saw 1 of its levels.

Inventory:

Armour
 a - a +0 robe (worn)
Books
 b - a book of Flames
Comestibles
 c - a ration


   Skills:
 - Level 2.1 Dodging
 - Level 2.0 Stealth
 + Level 2.0 Spellcasting
 * Level 1.4 Conjurations
 * Level 3.3 Fire Magic


You had 3 spell levels left.
You knew the following spells:

 Your Spells              Type           Power        Failure   Level  Hunger
a - Flame Tongue          Conj/Fire      #....        9%          1    #......


Dungeon Overview and Level Annotations

Branches:
Dungeon (1/15)

Altars:


Innate Abilities, Weirdness & Mutations

You have a beak for a mouth.
You have claws for feet.


Message History

Welcome, shakethe the Tengu Fire Elementalist.
Will you be the one to retrieve the fabulous Orb of Zot from the depths?
Found a staircase leading out of the dungeon.
You enter the shallow water.
Moving in this stuff is going to be slow.
A bat and a hobgoblin come into view.
The bat hits you but does no damage.
Aim: a bat The flame tongue misses the bat.
The bat closely misses you.
You now have 3/4 mp.
Aim: a bat The flame tongue hits the bat.
The bat appears unharmed.
The bat barely misses you. x2
You now have 2/4 mp.
The hobgoblin shouts!
The bat barely misses you. The bat closely misses you.
Aim: a bat The flame tongue hits the bat.
You kill the bat!
You now have 1/4 mp.
Aim: a hobgoblin, wielding a club You miscast Flame Tongue.
You are very lightly contaminated with residual magic.
Strange energies run through your body. The hobgoblin barely misses you.
You now have 0/4 mp.
You hit the hobgoblin but do no damage. The hobgoblin misses you.
You closely miss the hobgoblin. You claw the hobgoblin.
The hobgoblin closely misses you.
You hit the hobgoblin. Your kick misses the hobgoblin.
The hobgoblin hits you with a club!
Ouch! That really hurt!
* * * LOW HITPOINT WARNING * * *
You take 8 damage, and have 2/10 hp.
MASSIVE DAMAGE!!
You see here a bat corpse.
Aim: a hobgoblin, wielding a club (moderately wounded)
The flame tongue misses the hobgoblin.
The hobgoblin barely misses you.
You now have 0/4 mp.
Why would you want to do that? Why would you want to do that?
Your magical contamination has completely faded away.
Aim: a hobgoblin, wielding a club (hasn't noticed you)
The flame tongue misses the hobgoblin.
The hobgoblin shouts!
The hobgoblin hits you with a club.
You die...

#.###.#########
#.#.#.#.#.#.#.##
#(.#.#.#.#.#.#.#
#.#.#.≈≈≈≈≈.#.##
#..#.#≈...≈#.#.#
#.#.#.≈...≈.#.##
#..#.#≈.<.≈#.#.#
#.#.#.≈≈≈≈≈.#g##
#..#.#.#.#.#.#@#
###.#g#.#.#.#.##
#############


You could see a hobgoblin.

Vanquished Creatures
  A bat (D:1)
1 creature vanquished.

Notes
Turn   | Place    | Note
-------+----------+-------------------------------------------
     0 | D:1      | shakethe the Tengu Fire Elementalist began the quest for the Orb.
     0 | D:1      | Reached XP level 1. HP: 10/10 MP: 4/4
    46 | D:1      | HP: 2/10 [hobgoblin/club (8)]
    71 | D:1      | Slain by a hobgoblin

Action                   || total
-------------------------++-------
Melee: Unarmed           ||     3
       Kick              ||     1
 Cast: Flame Tongue      ||     5
Armor: Robe              ||     1
Dodge: Dodged            ||     9

Vault maps used:
D:1:      ncdulo_watergridlock, st_stairs_11, minmay_door_square

Table legend:
 A = Turns spent in this place as a percentage of turns spent in the entire game.
 B = Non-inter-level travel turns spent in this place as a percentage of non-inter-level travel turns spent in the entire game.
 C = Inter-level travel turns spent in this place as a percentage of turns spent in this place.
 D = Turns resting spent in this place as a percentage of non-inter-level travel turns spent in this place.
 E = Turns spent auto-exploring this place as a percentage of non-inter-level travel turns spent in this place.
 F = Non-inter-level travel turns spent in this place divided by the number of levels of this place that you've seen.
                   A       B       C       D       E      F
               +-------+-------+-------+-------+-------+----------------------
         Total | 100.0 | 100.0 |   0.0 |   0.0 |  47.9 |  71.0
       Dungeon | 100.0 | 100.0 |   0.0 |   0.0 |  47.9 |  71.0
               +-------+-------+-------+-------+-------+----------------------

Table legend:
 A = Kills in this place as a percentage of kills in entire the game.
 B = Kills by you in this place as a percentage of kills by you in the entire game.
 C = Kills by friends in this place as a percentage of kills by friends in the entire game.
 D = Other kills in this place as a percentage of other kills in the entire game.
 E = Experience gained in this place as a percentage of experience gained in the entire game.
 F = Experience gained in this place divided by the number of levels of this place that you have seen.
                   A       B       C       D       E      F
               +-------+-------+-------+-------+-------+----------------------
         Total | 100.0 | 100.0 |   N/A |   N/A | 100.0 |   1.0
       Dungeon | 100.0 | 100.0 |   N/A |   N/A | 100.0 |   1.0
               +-------+-------+-------+-------+-------+----------------------
